 Dungeon Crawl Stone Soup version 0.27-a0-1137-g3ef0f4ec91 (webtiles) character file.

Game seed: 17877237139168910419

134416 Froggeryz the Brawler (level 17, -47/95 HPs)
             Began as a Vine Stalker Berserker on May 6, 2021.
             Was the Champion of Trog.
             Blown up by an orb spider (56 damage)
             ... with an orb of destruction
             ... on level 1 of the Spider Nest.
             The game lasted 00:52:01 (23888 turns).

Froggeryz the Brawler (Vine Stalker Berserker)     Turns: 23888, Time: 00:52:02

Health: -47/95     AC: 19    Str: 34    XL:     17   Next: 17%
Magic:  0/18       EV: 12    Int:  8    God:    Trog [******]
Gold:   2608       SH:  0    Dex: 17    Spells: 16/16 levels left

rFire    . . .     SeeInvis .     - Unarmed
rCold    . . .     Faith    .   G - +0 buckler
rNeg     + . .     Spirit   +   L - +1 chain mail {rC+}
rPois    .         Reflect  .   I - +2 hat
rElec    +         Harm     .   S - +0 cloak
rCorr    .         Rampage  .   X - +0 pair of fencer's gloves {Riposte Dex+3}
Will     ++...                  (no boots)
Stlth    ..........             r - amulet "Oneikles" {RegenMP rF+ rN+ Str+2 Dex-2}
HPRegen  1.25/turn              D - ring of Byekudae {rElec AC+4}
MPRegen  0.41/turn              s - ring "Kysafu" {rF- rC- Str+8 Slay+4}

@: confused, lethally poisoned (-47 -> -102)
A: fangs 3, regeneration 1, magic shield, antimagic bite, no potion heal 2
a: Renounce Religion, Berserk, Trog's Hand, Brothers in Arms


You were on level 1 of the Spider Nest.
You worshipped Trog.
Trog was exalted by your worship.
You visited 5 branches of the dungeon, and saw 25 of its levels.
You also visited: Ossuary, Gauntlet and Ice Cave.

You collected 3888 gold pieces.
You spent 1280 gold pieces at shops.

Inventory:

Hand Weapons
 N - the +8 fustibalus of Nado Kia {speed, rC++ rN++ Int+4}
   (You found it in an ice cave)

   Attacks with this weapon are significantly faster.
   It affects your intelligence (+4).
   It greatly protects you from cold.
   It greatly protects you from negative energy.
Missiles
 e - 12 javelins
 t - 8 boomerangs of dispersal
 J - a curare-tipped dart (quivered)
 K - 3 throwing nets
 Y - 22 silver javelins
Armour
 G - a +0 buckler (worn)
 I - a +2 hat (worn)
 L - a +1 chain mail of cold resistance (worn)
 S - a +0 cloak (worn)
 X - the +0 pair of fencer's gloves (worn) {Riposte Dex+3}
   (You found it on level 1 of the Orcish Mines)

   It affects your dexterity (+3).
Jewellery
 c - a ring of see invisible
 h - a ring of fire
 i - a ring of willpower
 k - a ring of ice
 m - a ring of flight
 r - the amulet "Oneikles" (around neck) {RegenMP rF+ rN+ Str+2 Dex-2}
   (You acquired it on level 8 of the Dungeon)

   [amulet of magic regeneration]

   It increases your rate of magic regeneration.
   It affects your strength (+2).
   It affects your dexterity (-2).
   It protects you from fire.
   It protects you from negative energy.
 s - the ring "Kysafu" (right hand) {rF- rC- Str+8 Slay+4}
   (You found it on level 6 of the Dungeon)

   [ring of slaying]

   It affects your strength (+8).
   It affects your accuracy and damage with ranged weapons and melee attacks
   (+4).
   It makes you vulnerable to fire.
   It makes you vulnerable to cold.
 v - a ring of positive energy
 D - the ring of Byekudae (left hand) {rElec AC+4}
   (You acquired it on level 8 of the Dungeon)

   [ring of protection]

   It affects your AC (+4).
   It insulates you from electricity.
Wands
 b - a wand of polymorph (7)
 n - a wand of acid (43)
 w - a wand of flame (75)
 E - a wand of iceblast (25)
 O - a wand of paralysis (21)
 W - a wand of digging (5)
 Z - a wand of mindburst (16)
Scrolls
 g - 8 scrolls of teleportation
 x - 4 scrolls of fear
 y - 4 scrolls of enchant armour
 A - 7 scrolls of blinking
 B - a scroll of identify
 C - 2 scrolls of fog
 M - 3 scrolls of immolation
 Q - a scroll of noise
 R - 6 scrolls of magic mapping
 T - a scroll of silence
Potions
 d - 3 potions of might
 f - 4 potions of lignification
 j - 2 potions of ambrosia
 l - 11 potions of curing
 o - 2 potions of berserk rage
 p - 7 potions of haste
 q - 2 potions of mutation
 u - 2 potions of resistance
 z - 2 potions of magic
 H - 3 potions of flight
 P - a potion of attraction
 V - a potion of invisibility
Miscellaneous
 a - a phantom mirror
 U - a condenser vane


   Skills:
 + Level 13.6 Fighting
 - Level 8.3 Throwing
 - Level 5.0 Armour
 - Level 6.0 Dodging
 + Level 6.7 Shields
 * Level 20.8 Unarmed Combat


You had 16 spell levels left.
You didn't know any spells.
Your spell library contained the following spells:

 Spells                   Type           Power      Damage    Failure   Level
 Confusing Touch          Hex            0%         N/A       99%         3
 Gell's Gravitas          Tloc           0%         N/A       99%         3
 Petrify                  Tmut/Erth      0%         N/A       100%        4
 Metabolic Englaciation   Hex/Ice        0%         N/A       100%        5
 Yara's Violent Unravell  Hex/Tmut       0%         3d3       100%        5


Dungeon Overview and Level Annotations

Branches:
Dungeon (15/15)            Temple (1/1) D:5            Lair (6/6) D:11
 Shoals (0/4) Lair:3       Spider (1/4) Lair:2        Slime (0/5) Lair:5
    Orc (2/2) D:11            Elf (0/3) Orc:2        Vaults (0/5) D:13
 Depths (0/5) D:15        Ossuary (visited)           IceCv (visited)
Gauntlet (visited)

Altars:
Ashenzari
Cheibriados
Dithmenos
Gozag
Kikubaaqudgha
Nemelex Xobeh
Qazlal
Ru
Sif Muna
Wu Jian
Xom
Yredelemnul
Zin
The Shining One
Beogh

Shops:
D:5 (   D:8 !   D:9 [   D:14 ?   Orc:2 !?*(

Portals:
Trove: D:13 (give +2 fire dragon scales)

Annotations:
D:7 2 transporters
Lair:1 exclusion: 2 oklob plants
Spider:1 3 runed translucent doors, Dilecao's ghost, adept GrCj; Uptemore's ghost, adept DjMo; celly00's ghost, journeyman FeEn


Innate Abilities, Weirdness & Mutations

You have razor-sharp teeth.
Your natural rate of healing is unusually fast.
When hurt, damage is shared between your health and your magic reserves.
Your bite disrupts and absorbs the magic of your enemies.
Potions cannot restore your health.


Message History

The wolf spider hits you! The wolf spider bites you.
The jumping spider pounces on you.
You are caught in a web!
The jumping spider bites you but does no damage.
The tarantella bites you but does no damage.
There is a crawl-hole back to the Lair, spattered with blood here.
You see here a +3 antimagic battleaxe.
The wolf spider hits you but does no damage.
The wolf spider misses you. The jumping spider pounces on you.
You are caught in a web!
The jumping spider bites you but does no damage.
A redback comes into view.
The orb spider pulsates with a strange energy.
The tarantella bites you!
You are confused.
An orb spider comes into view.
A demonic crawler comes into view.
The orb spider hisses angrily.
The tarantella misses you. The wolf spider hits you. The wolf spider bites you.
You are poisoned.
The wolf spider poisons you!
The jumping spider leaps!
The redback bites you. The tarantella bites you.
The orb spider weaves a glowing orb of energy.
An orb of destruction comes into view.
You feel extremely sick.
The wolf spider hits you but does no damage.
The wolf spider bites you.
You are more poisoned.
The wolf spider poisons you! The redback bites you!
You are lethally poisoned!
The redback poisons you!
The tarantella bites you but does no damage.
The wolf spider hits you! The wolf spider bites you.
* * * LOW HITPOINT WARNING * * *
The redback bites you but does no damage.
Celly00's ghost waves a bulging coin purse at you.
In your confused state, you trip and fall back down the stairs.
* * * LOW HITPOINT WARNING * * *
x2 You feel extremely sick.
The orb of destruction hits you!!!
Ouch! That really hurt!
You die...

........#....8#
........#.....?
......ss+...(."
....s...+.....8
....s...+.....[
.s...○ss#W....[
....s○○s#W...8#
....s.s@#
....s..s#
.........
..........
...........
...^........
.............
.............s


You could see an emperor scorpion, a demonic crawler, a wolf spider, 6 orb
spiders, a jumping spider, a tarantella, 3 redbacks, Uptemore's ghost and
celly00's ghost.

Vanquished Creatures
  Gastronok (Lair:2)
  3 orc warlords
  A stone giant (D:15)
  Nessos (D:15)
  A dire elephant (Lair:6)
  A minotaur (Gauntlet)
  A blizzard demon (Gauntlet)
  Harold (D:9)
  2 ogre magi
  A vault guard (D:13)
  The ghost of anet the Quickloader, a journeyman GnHu of Ashenzari (D:10)
  7 hydras
  Fannar (Lair:2)
  3 catoblepae
  Erolcha (Orc:2)
  3 boulder beetles
  A death knight (D:14)
  6 centaur warriors
  13 two-headed ogres
  The ghost of Sickboy the Thaumaturge, a journeyman DjIE of Makhleb (D:10)
  3 tengu warriors
  6 death yaks
  4 orc high priests (Orc:2)
  A hell knight (D:15)
  Urug (D:10)
  3 large abominations (Gauntlet)
  2 deep trolls (D:15)
  A deep elf archer (D:13)
  7 orc knights
  2 wizards
  A necromancer (IceCv)
  2 lindwurms (Lair:6)
  2 deep elf pyromancers (D:14)
  2 deep elf zephyrmancers (D:13)
  A worldbinder (Gauntlet)
  16 ugly things
  4 orc sorcerers (Orc:2)
  4 wolf spiders
  4 cyclopes
  3 manticores
  3 ice statues (IceCv)
  10 black mambas
  4 elephants
  A moth of wrath (Spider:1)
  A torpor snail (Lair:6)
  A gargoyle (D:10)
  14 cane toads
  2 efreet
  An unseen horror (D:7)
  3 demonic crawlers (Lair:2)
  6 rime drakes
  11 komodo dragons
  8 yaktaurs
  8 ice devils
  A queen bee (Lair:3)
  5 tengu conjurers
  11 trolls
  3 jumping spiders
  4 polar bears
  A jumping spider (shapeshifter) (D:14)
  2 meliai (D:12)
  4 blink frogs (Lair:3)
  10 slime creatures (D:12)
  8 dream sheep
  A spriggan (D:9)
  2 shadows
  3 water elementals
  2 tarantellas (Lair:2)
  9 wyverns
  10 basilisks
  2 wraiths (D:10)
  8 redbacks
  58 yaks
  2 steam dragons
  Grum (D:9)
  2 fire elementals (Lair:6)
  6 small abominations (Gauntlet)
  2 vampire mosquitoes (D:12)
  6 wargs
  3 acid dragons
  20 water moccasins
  2 ice beasts
  3 sky beasts
  52 orc warriors
  A black bear (Lair:5)
  2 necrophages
  35 wolves
  25 centaurs
  21 ogres
  5 boggarts
  A phantom (D:5)
  3 kobold brigands
  3 scorpions
  6 bullfrogs
  2 water moccasin zombies
  40 killer bees
  A howler monkey (D:9)
  11 electric eels
  2 lava snakes (Lair:6)
  3 centaur zombies
  A draconian simulacrum (IceCv)
  9 hounds
  29 orc priests
  A gnoll shaman (Orc:2)
  10 jellies (Lair:5)
  A hell rat (Lair:3)
  3 iguanas
  21 orc wizards
  5 troll simulacra (IceCv)
  A spriggan simulacrum (IceCv)
  2 centaur simulacra (IceCv)
  3 mummies
  7 gnolls
  A naga simulacrum (IceCv)
  7 adders
  A river rat (Lair:3)
  A shadow imp (Gauntlet)
  A white imp (D:7)
  5 adder zombies (Ossuary)
  2 worms
  2 dart slugs
  126 orcs
  7 ball pythons
  8 bats
  9 endoplasms
  3 giant cockroaches
  3 gnoll zombies (Ossuary)
  9 goblins
  5 hobgoblins
  11 jackals
  5 quokkas
  A frilled lizard (D:2)
  5 hobgoblin zombies (Ossuary)
  16 kobolds
  5 kobold zombies (Ossuary)
  7 orc zombies (Ossuary)
  7 rats
936 creatures vanquished.

Vanquished Creatures (collateral kills)
  A meliai (D:12)
1 creature vanquished.

Vanquished Creatures (others)
  16 fungi
  51 plants
  6 withered plants
73 creatures vanquished.

Grand Total: 1010 creatures vanquished

Notes
Turn   | Place    | Note
-------+----------+-------------------------------------------
     0 | D:1      | Froggeryz the Vine Stalker Berserker began the quest for
                  | the Orb.
     0 | D:1      | Reached XP level 1. HP: 11/11 MP: 2/2
   392 | D:1      | Reached XP level 2. HP: 16/16 MP: 3/3
   700 | D:1      | Reached skill level 4 in Unarmed Combat
   708 | D:1      | Reached XP level 3. HP: 18/19 MP: 4/4
   879 | D:2      | Reached ** piety under Trog
  1595 | D:2      | Gained mutation: Your natural rate of healing is unusually
                  | fast. [Vine Stalker growth]
  1595 | D:2      | Reached XP level 4. HP: 23/23 MP: 5/5
  2200 | D:3      | Found a faded altar of an unknown god.
  2492 | D:3      | Reached skill level 5 in Unarmed Combat
  2511 | D:4      | Reached XP level 5. HP: 9/27 MP: 3/6
  2551 | D:4      | Reached *** piety under Trog
  2621 | D:4      | Noticed a centaur
  2633 | D:4      | Killed a centaur
  2634 | D:4      | Reached XP level 6. HP: 18/32 MP: 7/7
  2702 | D:4      | Reached skill level 6 in Unarmed Combat
  2784 | D:4      | Found a snail-covered altar of Cheibriados.
  2948 | D:5      | Entered Level 5 of the Dungeon
  2983 | D:5      | Found an ancient bone altar of Kikubaaqudgha.
  3052 | D:5      | Reached XP level 7. HP: 24/35 MP: 8/8
  3097 | D:5      | Reached skill level 7 in Unarmed Combat
  3139 | D:5      | Reached **** piety under Trog
  3177 | D:5      | Reached skill level 8 in Unarmed Combat
  3177 | D:5      | Gained mutation: You have razor-sharp teeth. [Vine Stalker
                  | growth]
  3177 | D:5      | Reached XP level 8. HP: 14/39 MP: 6/9
  3262 | D:5      | Found Rayq's Weapon Shoppe.
  3312 | D:5      | Found a sand-covered staircase.
  3320 | Ossuary  | Entered an ossuary
  3587 | D:5      | Found a staircase to the Ecumenical Temple.
  3698 | D:5      | Reached skill level 9 in Unarmed Combat
  3946 | D:4      | Reached ***** piety under Trog
  4129 | D:4      | Found a shimmering altar of Xom.
  4132 | D:4      | Identified the +2 robe of Neipauvu {Int+4}
  4228 | Temple   | Entered the Ecumenical Temple
  4322 | D:6      | Identified the ring "Kysafu" {rF- rC- Str+8 Slay+4}
  4521 | D:6      | Found a stormy altar of Qazlal.
  4546 | D:6      | Reached XP level 9. HP: 9/43 MP: 0/10
  5025 | D:7      | Reached skill level 10 in Unarmed Combat
  5162 | D:7      | Found a transporter.
  5440 | D:7      | Found a transporter.
  5979 | D:7      | Killed an unseen horror
  5980 | D:7      | Reached skill level 1 in Shields
  6413 | D:8      | Identified the amulet "Boduceq" {RegenMP rN+ Int-5 SInv}
  6439 | D:8      | Reached skill level 11 in Unarmed Combat
  6465 | D:8      | Found Pebidad's Distillery.
  6496 | D:8      | Identified 2 scrolls of acquirement
  6498 | D:8      | Acquired the amulet "Oneikles" {RegenMP rF+ rN+ Str+2
                  | Dex-2}
  6505 | D:8      | Acquired the ring of Byekudae {rElec AC+4}
  6524 | D:8      | Reached XP level 10. HP: 51/51 MP: 11/11
  6540 | D:8      | Found an opulent altar of Gozag.
  6769 | D:9      | Found a snail-covered altar of Cheibriados.
  6769 | D:9      | Found Cheibriados's Comfort Zone.
  6796 | D:9      | Noticed Harold
  6804 | D:9      | Noticed a two-headed ogre
  6830 | D:8      | Killed a two-headed ogre
  6831 | D:8      | Reached skill level 5 in Fighting
  6945 | D:9      | Killed Harold
  6946 | D:9      | Reached skill level 12 in Unarmed Combat
  7031 | D:9      | Noticed Grum
  7098 | D:9      | Killed Grum
  7320 | D:9      | Noticed a two-headed ogre
  7333 | D:9      | Killed a two-headed ogre
  7334 | D:9      | Reached skill level 5 in Shields
  7334 | D:9      | Reached XP level 11. HP: 47/56 MP: 8/12
  7431 | D:9      | Received a gift from Trog
  7466 | D:9      | Identified the +0 hat "Curghiff" {Harm *Slow rN++}
  7609 | D:10     | Entered Level 10 of the Dungeon
  7621 | D:9      | Reached skill level 13 in Unarmed Combat
  7677 | D:10     | Found a glowing silver altar of Zin.
  7678 | D:10     | Found a basalt altar of Yredelemnul.
  7717 | D:10     | Found a runed translucent gate.
  7718 | D:10     | Found a runed translucent gate.
  7718 | D:10     | Found a runed translucent gate.
  7719 | D:10     | Noticed anet's ghost (journeyman GnHu)
  7720 | D:10     | Noticed Sickboy's ghost (journeyman DjIE)
  7986 | D:10     | Noticed a two-headed ogre
  7987 | D:10     | Noticed Urug
  8065 | D:10     | Found an ornate altar of the Wu Jian Council.
  8274 | D:10     | Killed a two-headed ogre
  8659 | D:10     | Killed Urug
  8660 | D:10     | Reached skill level 14 in Unarmed Combat
  8742 | D:10     | Killed anet's ghost
  8867 | D:10     | Killed Sickboy's ghost
  8970 | D:11     | Reached XP level 12. HP: 46/64 MP: 13/13
  9232 | D:11     | Found a staircase to the Orcish Mines.
  9358 | D:11     | Reached skill level 15 in Unarmed Combat
  9449 | D:11     | Found a staircase to the Lair.
  9587 | Lair:1   | Entered Level 1 of the Lair of Beasts
  9629 | Lair:1   | Reached skill level 1 in Throwing
  9703 | Lair:1   | Received a gift from Trog
  9733 | Lair:1   | Noticed a five-headed hydra
  9740 | Lair:1   | Killed a five-headed hydra
 10090 | Lair:1   | Noticed a five-headed hydra
 10095 | Lair:1   | Killed a five-headed hydra
 10466 | Lair:2   | Identified the +7 morningstar of Muloyck {vamp, *Slow rPois
                  | SInv}
 10517 | Lair:2   | Found a hole to the Spider Nest.
 10691 | Lair:2   | Noticed a four-headed hydra
 10697 | Lair:2   | Killed a four-headed hydra
 10815 | Lair:2   | Noticed Gastronok
 10831 | Lair:2   | Killed Gastronok
 10832 | Lair:2   | Reached skill level 16 in Unarmed Combat
 10832 | Lair:2   | Reached XP level 13. HP: 71/71 MP: 14/14
 10915 | Lair:2   | Noticed Fannar
 10925 | Lair:2   | Killed Fannar
 11601 | Lair:3   | Acquired 664 gold pieces
 11625 | Lair:3   | Reached skill level 10 in Fighting
 11768 | Lair:3   | Found a glowing golden altar of the Shining One.
 11783 | Lair:3   | Found a staircase to the Shoals.
 11802 | Lair:3   | Reached skill level 5 in Throwing
 12458 | Lair:3   | Reached ****** piety under Trog
 12550 | Lair:3   | Reached skill level 17 in Unarmed Combat
 13013 | Lair:4   | Received a gift from Trog
 13132 | Lair:4   | Reached XP level 14. HP: 77/77 MP: 15/15
 13566 | Lair:5   | Found a staircase to the Slime Pits.
 14301 | Lair:6   | Entered Level 6 of the Lair of Beasts
 14484 | Lair:6   | Found a frozen archway.
 14494 | Lair:6   | Received a gift from Trog
 14516 | IceCv    | Entered an ice cave
 14814 | IceCv    | Found the +6 Majin-Bo {vamp, MP+6 Int+6}
 14821 | IceCv    | Identified the +8 fustibalus of Nado Kia {speed, rC++ rN++
                  | Int+4}
 15091 | Lair:6   | Reached skill level 18 in Unarmed Combat
 15152 | Lair:6   | Acquired 889 gold pieces
 15577 | Lair:6   | Noticed a dire elephant
 15591 | Lair:6   | Killed a dire elephant
 15683 | Lair:6   | Reached XP level 15. HP: 67/84 MP: 13/16
 16214 | Orc:1    | Entered Level 1 of the Orcish Mines
 16335 | Orc:1    | Received a gift from Trog
 16444 | Orc:1    | Noticed an orc warlord
 16475 | Orc:1    | Killed an orc warlord
 16590 | Orc:1    | Found the +0 pair of fencer's gloves {Riposte Dex+3}
 16627 | Orc:1    | Identified the +2 mace "Imp's Funeral" {freeze, *Slow rC+++
                  | Will+ Str-4}
 16677 | Orc:1    | Noticed an orc warlord
 16761 | Orc:1    | Killed an orc warlord
 17023 | Orc:2    | Entered Level 2 of the Orcish Mines
 17094 | Orc:2    | Identified the +10 dagger of Budis {vorpal, rN+} (Trog
                  | gifted it to you on level 2 of the Orcish Mines)
 17094 | Orc:2    | Received a gift from Trog
 17397 | Orc:2    | Reached skill level 19 in Unarmed Combat
 17451 | Orc:2    | Found Vaiq's Distillery.
 17475 | Orc:2    | Found Hasmub's Magic Scroll Shop.
 17500 | Orc:2    | Bought a scroll of fog for 26 gold pieces
 17822 | Orc:2    | Found a staircase to the Elven Halls.
 17888 | Orc:2    | Identified the +1 scimitar of Yrphigex {vorpal, rPois
                  | Str+6}
 18008 | Orc:2    | Received a gift from Trog
 18012 | Orc:2    | Noticed an orc warlord
 18044 | Orc:2    | Noticed Erolcha
 18053 | Orc:2    | Killed an orc warlord
 18060 | Orc:2    | Killed Erolcha
 18112 | Orc:2    | Found Iwkoqu's Antique Weapon Boutique.
 18342 | Orc:2    | Found Zaram's Assorted Antiques.
 18633 | Orc:2    | Bought a scroll of magic mapping for 119 gold pieces
 18633 | Orc:2    | Bought a scroll of magic mapping for 119 gold pieces
 18633 | Orc:2    | Bought a wand of acid (6) for 272 gold pieces
 18633 | Orc:2    | Bought a bronze wand for 136 gold pieces
 18936 | D:12     | Reached skill level 5 in Armour
 19467 | D:13     | Reached XP level 16. HP: 69/90 MP: 17/17
 19521 | D:13     | Reached skill level 5 in Dodging
 19542 | D:13     | Received a gift from Trog
 19776 | D:13     | Found a gate to the Vaults.
 19805 | D:13     | Found a gate leading to a gauntlet.
 19812 | Gauntlet | Entered a Gauntlet
 19812 | Gauntlet | Found a transporter.
 19820 | Gauntlet | Found a transporter.
 19823 | Gauntlet | Found a transporter.
 19831 | Gauntlet | Found a transporter.
 19834 | Gauntlet | Found a transporter.
 19838 | Gauntlet | Found a transporter.
 19843 | Gauntlet | Found a transporter.
 19845 | Gauntlet | Found a runed translucent gate.
 19845 | Gauntlet | Found a runed translucent gate.
 19849 | Gauntlet | Found a runed translucent gate.
 19849 | Gauntlet | Found a transporter.
 19853 | Gauntlet | Found a transporter.
 19861 | Gauntlet | Found a transporter.
 19865 | Gauntlet | Found a transporter.
 19870 | Gauntlet | Found a transporter.
 19872 | Gauntlet | Found a runed translucent door.
 19875 | Gauntlet | Found a transporter.
 19906 | Gauntlet | Found a transporter.
 20052 | Gauntlet | Reached skill level 20 in Unarmed Combat
 20314 | Gauntlet | Identified the Grimoire of Damaging Unholy Magic
 20757 | D:13     | Found a portal to a secret trove of treasure.
 21798 | D:14     | Received a gift from Trog
 22334 | D:14     | Found Onitaqyi's Magic Scroll Shop.
 22342 | D:14     | Bought a scroll of teleportation for 48 gold pieces
 22342 | D:14     | Bought a scroll of magic mapping for 56 gold pieces
 22342 | D:14     | Bought a scroll of blinking for 120 gold pieces
 22342 | D:14     | Bought a scroll of teleportation for 48 gold pieces
 22342 | D:14     | Bought a scroll of magic mapping for 56 gold pieces
 22342 | D:14     | Bought a scroll of enchant armour for 120 gold pieces
 22342 | D:14     | Bought a scroll of magic mapping for 56 gold pieces
 22342 | D:14     | Bought a scroll of teleportation for 48 gold pieces
 22342 | D:14     | Bought a scroll of magic mapping for 56 gold pieces
 22516 | D:15     | Entered Level 15 of the Dungeon
 22559 | D:15     | Noticed Nessos
 22569 | D:15     | Killed Nessos
 23096 | D:15     | Found a staircase to the Depths.
 23370 | D:15     | Reached XP level 17. HP: 95/95 MP: 18/18
 23513 | D:15     | Found a glowing silver altar of Zin.
 23659 | Spider:1 | Entered Level 1 of the Spider Nest
 23659 | Spider:1 | Found a runed translucent gate.
 23659 | Spider:1 | Found a runed translucent gate.
 23659 | Spider:1 | Found a runed translucent gate.
 23659 | Spider:1 | Noticed Uptemore's ghost (adept DjMo)
 23659 | Spider:1 | Noticed celly00's ghost (journeyman FeEn)
 23659 | Spider:1 | Noticed Dilecao's ghost (adept GrCj)
 23780 | Spider:1 | Received a gift from Trog
 23888 | Spider:1 | Blown up by an orb spider

Illustrated notes

Levels and vault maps discovered:
D:1:      tarquinn_simple_flora_water_f, layout_basic, chequers_mini_garden
D:2:      layout_loops_ring, serial_bayou, serial_bayou_ford_a,
          serial_bayou_pond_e, serial_bayou_lagoon_a, serial_bayou_crossing,
          grunt_ministairs_12, nrook_mini_vaults
D:3:      layout_loops_ring, chequers_ecumenical_altar_grove
D:4:      layout_gridville, tgw_xom, lemuel_round_altar, minivault_4,
          minmay_misc_feat_hallway, grunt_decor_mini_mirrors
D:5:      layout_basic, kiku_gazebo_pond_becter,
          minmay_temple_entry_purple_smoke, gup_ossuary_entry_pyramid,
          serial_shops, kennysheep_mini, grunt_ministairs_7
D:6:      layout_loops_ring, grunt_qazlal_sundering
D:7:      gammafunk_cloud_chamber, layout_loops_corners, minmay_small_thing
D:8:      layout_rooms, kennysheep_little_box, serial_shops, shop_fountains,
          kennysheep_generic_room_10
D:9:      layout_basic, minmay_shop_chei, the_hattery, uniq_harold, uniq_grum
D:10:     minmay_recursive_quarters, layout_basic,
          gammafunk_temple_overflow_pools, amcnicky_altar_gilded,
          gammafunk_ghost_cemetery, minmay_fractal_squares_5, uniq_urug
D:11:     layout_cave_pools, erik_lair_island, orc_0_dummy
D:12:     layout_basic
D:13:     layout_basic, hangedman_vaults_entry_quadrant_bands,
          gauntlet_entry_generic, enter_trove_5
D:14:     layout_stronghold, minmay_misc_feat_secret_circle, serial_shops,
          nicolae_shop_competitors_out_of_business
D:15:     hangedman_depths_entry_civil_slaughter, layout_irregular_city,
          minmay_misc_feat_more_columns, drop_trap, zin_angel, uniq_nessos
Temple:   eino_temple_lava
Lair:1:   layout_regular_city, minmay_lair_oklob_chamber, grunt_megastairs_5,
          serial_bayou_shore_a
Lair:2:   layout_cave_pods, spider_nest_entry_funnel_web, serial_bayou_shore_b,
          uniq_gastronok, uniq_fannar
Lair:3:   regret_index_combs_of_tragedy, layout_gridlike,
          minmay_shoals_entry_centaurs, basic_altar,
          chequers_serial_rivers_large_a, grunt_megastairs_1
Lair:4:   layout_regular_city, grunt_megastairs_3
Lair:5:   layout_regular_city, minmay_slime_entry_jelly_boxes,
          lemuel_fruit_fields
Lair:6:   hangedman_lair_in_review, layout_gridlike,
          portal_ice_cave_entry_animals_and_master, amcnicky_mini_pool_medium,
          lemuel_fruit_tree, infiniplex_staircase_pool
Spider:1: layout_spider_delve, gammafunk_ghost_cemetery
Orc:1:    layout_caves, statue_in_the_mist_lemuel, nicolae_orc_bridge_out,
          minmay_orc_treasury
Orc:2:    pubby_orc_utopia, serial_shops, uniq_erolcha

Skill      XL: |  1  2  3  4  5  6  7  8  9 10 11 12 13 14 15 16 |
---------------+-------------------------------------------------+-----
Unarmed Combat | 4 5 6 8 9 11 12 14 16 17 18 19 20 | 20.8
Armour         | 2 3 5 |  5.0
Dodging        | 2 3 4 6 |  6.0
Fighting       | 4 6 8 9 10 11 12 13 | 13.6
Shields        | 2 5 6 |  6.7
Throwing       | 4 6 8 |  8.3

Action                   |  1- 3 |  4- 6 |  7- 9 | 10-12 | 13-15 | 16-18 || total
-------------------------+-------+-------+-------+-------+-------+-------++-------
Melee: Unarmed           |   115 |   183 |   279 |   355 |  1022 |   295 ||  2249
       Bite              |    29 |    54 |    87 |   153 |   468 |   161 ||   952
       Punch             |     4 |     5 |    20 |     3 |       |       ||    32
Throw: Javelin           |       |       |     1 |       |       |       ||     1
       Dart              |       |       |       |     1 |     1 |       ||     2
Invok: Berserk           |     1 |     3 |     5 |     9 |     7 |     3 ||    28
       Trog's Hand       |       |       |       |       |     3 |     2 ||     5
Evoke: Wand              |       |       |       |    15 |     2 |    11 ||    28
       Condenser vane    |       |       |       |       |     1 |     1 ||     2
  Use: Scroll            |     5 |     6 |    10 |     4 |    12 |     5 ||    42
       Potion            |       |       |     2 |       |       |     1 ||     3
 Stab: Confused          |       |       |       |       |     2 |       ||     2
       Distracted        |       |       |       |       |       |     1 ||     1
Armor: Ring mail         |    53 |    14 |       |       |       |       ||    67
       Animal skin       |     3 |       |       |       |       |       ||     3
       Scale mail        |       |    60 |    69 |    42 |       |       ||   171
       Chain mail        |       |       |       |    75 |   331 |   141 ||   547
Dodge: Dodged            |    87 |    99 |   121 |   170 |   343 |   157 ||   977
Block: Buckler           |       |       |       |    52 |   209 |    86 ||   347
       Rpst.: Unarmed    |       |       |       |       |    28 |    24 ||    52

Table legend: (Time is in decaauts)
 A = Elapsed time spent in this place.
 B = Non-inter-level travel time spent in this place.
 C = Inter-level travel time spent in this place.
 D = Time resting spent in this place.
 E = Time spent auto-exploring this place.
 F = Levels seen in this place.
 G = Mean time per level.
                   A        B        C        D        E       F      G
               +--------+--------+--------+--------+--------+-----+--------+
         Total |  23622 |  22263 |   1359 |   1760 |  14921 |  28 |  843.6 |
       Dungeon |  13651 |  12735 |    916 |    971 |   8775 |  15 |  910.1 |
        Temple |      1 |      1 |      0 |      0 |      0 |   1 |    1.0 |
          Lair |   6223 |   5869 |    354 |    339 |   4384 |   6 | 1037.2 |
   Spider Nest |     25 |     25 |      0 |      0 |      0 |   1 |   25.0 |
  Orcish Mines |   2565 |   2477 |     88 |    128 |   1511 |   2 | 1282.5 |
       Ossuary |    165 |    165 |      0 |      0 |     78 |   1 |  165.0 |
      Ice Cave |    478 |    478 |      0 |    155 |    129 |   1 |  478.0 |
      Gauntlet |    510 |    510 |      0 |    166 |     42 |   1 |  510.0 |
               +--------+--------+--------+--------+--------+-----+--------+

Top non-repeatable levels by time:
   Orc:2: 1767 daAuts
    D:13: 1580 daAuts
  Lair:3: 1350 daAuts
  Lair:2: 1262 daAuts
  Lair:6: 1248 daAuts
    D:10: 1212 daAuts
     D:7: 1197 daAuts
    D:15: 1018 daAuts
    D:14: 955 daAuts
  Lair:1: 880 daAuts
     D:2: 874 daAuts
     D:9: 849 daAuts
     D:5: 841 daAuts
     D:3: 828 daAuts
     D:1: 810 daAuts
